 Dungeon Crawl Stone Soup version 0.20.0-15-g7f486f2 (webtiles) character file.

3586 Gargoyl the Spear-Bearer (level 9, 0/78 HPs)
             Began as a Minotaur Abyssal Knight on June 30, 2017.
             Was a High Priest of Lugonu.
             Slain by a porcupine (7 damage)
             ... on level 8 of the Dungeon.
             The game lasted 00:17:36 (6992 turns).

Gargoyl the Spear-Bearer (Minotaur Abyssal Knight)  Turns: 6992, Time: 00:17:37

Health: 0/78       AC: 18    Str: 21    XL:     9   Next: 85%
Magic:  11/11      EV:  9    Int: 11    God:    Lugonu [*****.]
Gold:   413        SH:  0    Dex: 14    Spells: 8/8 levels left

rFire    . . .     SeeInvis +   e - +2 glaive (venom)
rCold    . . .     Gourm    .   (shield currently unavailable)
rNeg     . . .     Faith    .   i - +2 plate armour
rPois    .         Spirit   .   (helmet unavailable)
rElec    .         Reflect  .   (no cloak)
rCorr    .         Harm     .   y - +0 pair of gloves
MR       .....                  t - +0 pair of boots
Stlth    ..........             (no amulet)
Regen    0.3/turn               M - ring of see invisible
MPRegen  0.2/turn               v - +5 ring of strength

@: drained
A: retaliatory headbutt, horns 3, clever 1
a: Depart the Abyss, Bend Space, Banish, Corrupt, Enter the Abyss, Renounce
Religion


You were on level 8 of the Dungeon.
You worshipped Lugonu.
Lugonu was extremely pleased with you.
You were hungry.

You visited 1 branch of the dungeon, and saw 10 of its levels.
You visited the Abyss 1 time.
You also visited: Ossuary.

You collected 413 gold pieces.

Inventory:

Hand Weapons
 a - a +1 hand axe
 e - a +2 glaive of venom (weapon)
 w - a +7 spear
 F - a +0 hand axe of venom
Missiles
 l - 5 tomahawks of returning (quivered)
Armour
 i - a +2 plate armour (worn)
 t - a +0 pair of boots (worn)
 y - a +0 pair of gloves (worn)
Jewellery
 m - an uncursed ring of resist corrosion
 v - a +5 ring of strength (right hand)
 M - a ring of see invisible (left hand)
Wands
 p - a wand of flame (29/48)
 u - a wand of enslavement (9/24)
 B - a wand of polymorph (16/24)
 E - a wand of scattershot (6/9)
Scrolls
 b - a scroll of recharging
 r - 3 scrolls of teleportation
 A - 2 scrolls of magic mapping
 C - 3 scrolls of remove curse
 J - 2 scrolls of identify
 K - a scroll of fog
Potions
 d - a potion of cancellation {unknown}
 f - 3 potions of curing
 g - a potion of invisibility {unknown}
 h - 5 potions of lignification
 j - 5 potions of flight {unknown}
 k - a potion of ambrosia {unknown}
 n - a potion of might {unknown}
 q - a potion of magic {unknown}
 x - a potion of haste {unknown}
 z - 2 potions of agility
 D - 2 potions of brilliance {unknown}
 G - 2 potions of heal wounds {unknown}
 H - a potion of berserk rage {unknown}
Comestibles
 c - 5 bread rations
 o - 3 royal jellies
 s - a meat ration
 I - 3 fruits


   Skills:
 + Level 6.6(6.3) Fighting
 + Level 2.7(6.5) Axes
 + Level 9.6 Polearms
 + Level 1.2(1.0) Throwing
 * Level 9.1(8.9) Armour
 * Level 5.9(5.7) Dodging
 * Level 5.3(5.1) Invocations


You had 8 spell levels left.
You didn't know any spells.

Dungeon Overview and Level Annotations

Branches:
Dungeon (10/15)            Temple (0/1) D:6            Lair (0/6) D:8
    Orc: D:9-12

Altars:
Ashenzari
Gozag
Kikubaaqudgha
Sif Muna
Trog
Xom
Zin
The Shining One

Shops:
D:7 %


Innate Abilities, Weirdness & Mutations

You reflexively headbutt those who attack you in melee.
You have a pair of large horns on your head.
Your mind is acute. (Int +2)


Message History

The porcupine bites you!
Your plate armour prevents you from hitting the porcupine.
The porcupine barely misses you.
You are struck by the porcupine's spines.
* * * LOW HITPOINT WARNING * * *
You closely miss the porcupine. You headbutt the porcupine!
The porcupine is heavily wounded.
The porcupine bites you but does no damage.
The porcupine barely misses you.
You are struck by the porcupine's spines.
* * * LOW HITPOINT WARNING * * *
You closely miss the porcupine.
The porcupine is heavily wounded.
The porcupine barely misses you.
You hit the porcupine but do no damage.
The porcupine is heavily wounded.
The porcupine bites you!
* * * LOW HITPOINT WARNING * * *
You feel better. The porcupine bites you!
You die...

#.........
#.........
#.........
#########.........
#.................
#.###########.....
#.# #..... #.#
#..... #@#
######### #r#
#........ ######r#
#.####### #.....†#
#.# #.####.### #.#
......#####Y#
....?.....#.#
...........#Y#
....#......r#.#


You could see a porcupine and a river rat.

Vanquished Creatures
  Sigmund (D:3)
  3 yaks (D:10)
  Eustachio (D:6)
  The ghost of Alannah the Sneak, an amateur DsAs (D:4)
  Edmund (D:6)
  A water moccasin (D:10)
  A sky beast (D:6)
  2 orc warriors (D:8)
  A centaur (D:8)
  2 ogres
  Blork the orc (D:4)
  3 elf zombies (Ossuary)
  4 bullfrogs
  A scorpion (D:5)
  3 killer bees (D:9)
  3 wights (D:7)
  4 howler monkeys
  2 crimson imps
  A centaur zombie (Ossuary)
  2 jellies
  2 human zombies (Ossuary)
  4 orc priests
  A hound (D:6)
  Crazy Yiuf (D:6)
  Ijyb (D:4)
  3 iguanas
  Natasha (D:3)
  A hell rat (D:8)
  4 worker ants
  2 orc wizards
  A killer bee zombie (D:5)
  2 mummies (Ossuary)
  2 river rats (D:8)
  11 adders
  A shadow imp (D:6)
  3 oozes
  2 adder zombies
  2 adder skeletons
  3 dart slugs
  6 leopard geckos
  27 orcs
  A ball python (D:5)
  4 giant cockroaches
  8 hobgoblins
  6 jackals
  6 quokkas
  8 bats
  5 frilled lizards
  10 goblins
  9 hobgoblin zombies (Ossuary)
  A jackal zombie (Ossuary)
  11 kobolds
  7 kobold zombies (Ossuary)
  A leopard gecko zombie (D:6)
  12 orc zombies (Ossuary)
  A quokka zombie (D:7)
  13 rats
  A rat zombie (Ossuary)
222 creatures vanquished.

Vanquished Creatures (others)
  A fungus (D:6)
1 creature vanquished.

Grand Total: 223 creatures vanquished

Notes
Turn   | Place    | Note
-------+----------+-------------------------------------------
     0 | Abyss:1  | Gargoyl the Minotaur Abyssal Knight began the quest for the Orb.
     0 | Abyss:1  | Reached XP level 1. HP: 19/19 MP: 1/1
    53 | Abyss:2  | Noticed a rakshasa
    54 | Abyss:2  | Noticed a wretched star
    54 | D:1      | Escaped the Abyss
   263 | D:1      | Reached * piety under Lugonu
   313 | D:1      | Reached XP level 2. HP: 27/27 MP: 2/2
   485 | D:1      | Reached skill level 1 in Polearms
   804 | D:1      | Reached XP level 3. HP: 33/33 MP: 3/3
  1227 | D:2      | You fall through a shaft for 2 floors!
  1233 | D:4      | Noticed Alannah's ghost (amateur DsAs)
  1238 | D:4      | Noticed Ijyb
  1331 | D:3      | Reached ** piety under Lugonu
  1379 | D:3      | Reached XP level 4. HP: 40/40 MP: 4/4
  1796 | D:3      | Noticed a moth of wrath
  1798 | D:3      | Found a bloodstained altar of Trog.
  1977 | D:3      | Reached XP level 5. HP: 42/47 MP: 5/5
  2187 | D:3      | Reached *** piety under Lugonu
  2284 | D:3      | Noticed Sigmund
  2287 | D:3      | Killed Sigmund
  2287 | D:3      | Reached XP level 6. HP: 21/53 MP: 6/6
  2691 | D:3      | Noticed Natasha
  2692 | D:3      | Killed Natasha
  2970 | D:4      | Killed Ijyb
  2995 | D:4      | Killed Alannah's ghost
  2995 | D:4      | Reached XP level 7. HP: 55/60 MP: 6/8
  3045 | D:4      | Reached skill level 5 in Polearms
  3045 | D:4      | Reached skill level 5 in Armour
  3316 | D:4      | Noticed Blork the orc
  3321 | D:4      | Killed Blork the orc
  3371 | D:5      | Entered Level 5 of the Dungeon
  3377 | D:5      | Reached skill level 5 in Fighting
  4051 | D:5      | Reached XP level 8. HP: 68/68 MP: 9/9
  4154 | D:6      | Noticed Edmund
  4163 | D:6      | Killed Edmund
  4205 | D:6      | Noticed Eustachio
  4208 | D:6      | Killed Eustachio
  4253 | D:6      | Reached **** piety under Lugonu
  4499 | D:6      | Found a glowing silver altar of Zin.
  4501 | D:6      | Found a glowing golden altar of the Shining One.
  4675 | D:6      | Found a runed door.
  4679 | D:6      | Noticed Crazy Yiuf
  4685 | D:6      | Killed Crazy Yiuf
  4814 | D:6      | Gained mutation: You are resistant to hostile enchantments. (MR+) [mutagenic meat]
  4816 | D:6      | Gained mutation: Potions are less effective at restoring your health. [mutagenic meat]
  4817 | D:6      | Gained mutation: You are agile. (Dex +2) [mutagenic meat]
  4818 | D:6      | Gained mutation: You are partially covered in molten scales. (AC +2) [mutagenic meat]
  4830 | D:6      | Found a staircase to the Ecumenical Temple.
  4979 | D:7      | Reached skill level 5 in Dodging
  5117 | D:7      | Lost mutation: Potions are less effective at restoring your health. [potion of mutation]
  5117 | D:7      | Lost mutation: You are agile. (Dex +2) [potion of mutation]
  5117 | D:7      | Lost mutation: You are resistant to hostile enchantments. (MR+) [potion of mutation]
  5117 | D:7      | Lost mutation: You are partially covered in molten scales. (AC +2) [potion of mutation]
  5117 | D:7      | Gained mutation: Your flesh is heat resistant. (rF+) [potion of mutation]
  5117 | D:7      | Gained mutation: You are partially covered in rugged brown scales. (AC +1, +3% HP) [potion of mutation]
  5117 | D:7      | Gained mutation: You are resistant to hostile enchantments. (MR+) [potion of mutation]
  5118 | D:7      | Lost mutation: You are resistant to hostile enchantments. (MR+) [potion of mutation]
  5118 | D:7      | Lost mutation: Your flesh is heat resistant. (rF+) [potion of mutation]
  5118 | D:7      | Gained mutation: You are partially covered in thin metallic scales. (AC +2) [potion of mutation]
  5118 | D:7      | Gained mutation: You are partially covered in slimy green scales. (AC +2) [potion of mutation]
  5118 | D:7      | Gained mutation: You are covered in fur. (AC +1) [potion of mutation]
  5119 | D:7      | Lost mutation: You are partially covered in rugged brown scales. (AC +1, +3% HP) [potion of mutation]
  5119 | D:7      | Lost mutation: You are partially covered in thin metallic scales. (AC +2) [potion of mutation]
  5119 | D:7      | Lost mutation: You are partially covered in slimy green scales. (AC +2) [potion of mutation]
  5119 | D:7      | Lost mutation: You are covered in fur. (AC +1) [potion of mutation]
  5119 | D:7      | Gained mutation: You can translocate small distances at will. [potion of mutation]
  5119 | D:7      | Gained mutation: Your mind is acute. (Int +2) [potion of mutation]
  5240 | D:7      | Reached XP level 9. HP: 58/75 MP: 11/11
  5324 | D:7      | Reached skill level 1 in Throwing
  5348 | D:7      | You fall through a shaft for 3 floors!
  5348 | D:10     | Entered Level 10 of the Dungeon
  5385 | D:10     | Lost mutation: Your mind is acute. (Int +2) [potion of mutation]
  5385 | D:10     | Lost mutation: You can translocate small distances at will. [potion of mutation]
  5385 | D:10     | Gained mutation: You are partially covered in iridescent scales. (AC +2) [potion of mutation]
  5385 | D:10     | Lost mutation: You are partially covered in iridescent scales. (AC +2) [potion of mutation]
  5385 | D:10     | Gained mutation: You have a pair of large horns on your head. [potion of mutation]
  5385 | D:10     | Gained mutation: Your mind is acute. (Int +2) [potion of mutation]
  5654 | D:9      | Found an ancient bone altar of Kikubaaqudgha.
  5656 | D:9      | Found a white marble altar of Elyvilon.
  5656 | D:9      | Found a shimmering altar of Xom.
  5658 | D:9      | Found an opulent altar of Gozag.
  5658 | D:9      | Found a shattered altar of Ashenzari.
  5658 | D:9      | Found a deep blue altar of Sif Muna.
  5822 | D:8      | Found a sand-covered staircase.
  5831 | Ossuary  | Entered an ossuary
  5941 | Ossuary  | Reached ***** piety under Lugonu
  6033 | Ossuary  | Reached skill level 5 in Invocations
  6473 | D:7      | Found Gichyar's Food Emporium.
  6778 | D:8      | Noticed a death yak
  6780 | D:8      | Noticed a death yak
  6781 | D:8      | Found a staircase to the Lair.
  6781 | D:8      | Noticed a death yak
  6991 | D:8      | HP: 2/78 [porcupine (8)]
  6992 | D:8      | Slain by a porcupine

Skill      XL: |  1  2  3  4  5  6  7  8  9 |
---------------+----------------------------+-----
Polearms       | 1 2 4 6 7 9 |  9.6
Fighting       | 4 5 6 |  6.6
Invocations    | 2 3 4 5 |  5.3
Dodging        | 2 3 5 |  5.9
Armour         | 3 4 6 7 9 |  9.1
Throwing       | 1 |  1.2
Axes           | |  2.7

Action                   |  1- 3 |  4- 6 |  7- 9 || total
-------------------------+-------+-------+-------++-------
Melee: Glaive            |   102 |   120 |   335 ||   557
       Headbutt          |    13 |     8 |    68 ||    89
Throw: Tomahawk          |     2 |     5 |     6 ||    13
Invok: Depart the Abyss  |     1 |       |       ||     1
       Banish            |       |       |     1 ||     1
  Use: Scroll            |     6 |     3 |    13 ||    22
       Potion            |       |       |     6 ||     6
  Eat: Royal jelly       |     1 |       |       ||     1
       Chunk             |       |     5 |    18 ||    23
Armor: Plate armour      |   114 |   137 |   261 ||   512
       Leather armour    |     1 |       |       ||     1
Dodge: Dodged            |    47 |    56 |   219 ||   322
